Map: Буревестник РВ

Players

Murena

  • Race: Terran Terran
  • Spawn Location: 11:00

ИИ 1 (эксперт) - Winner!

  • Race: Protoss Protoss
  • Spawn Location: 5:00

VOD

Have the link to the VOD?

Description

Time

  • Played on: July 17, 2019, 1:12 p.m.
  • Length: 5:41
Show
View Real Time Build Order
Export as new Build Order

Murena Terran 

Build Orders:  

Get SALT Encoding   

  12  0:01  SCV  
  13  0:16  Supply Depot  
  13  0:18  SCV  
  14  0:30  SCV  
  15  0:38  Barracks  
  16  0:42  SCV  
  16  0:52  Refinery  
  16  0:55  SCV  
  17  1:07  SCV  
  18  1:24  Command Center  
  18  1:27  Marine  
  18  1:31  SCV  
  20  1:43  Orbital Command  
  20  1:46  Marine  
  21  2:01  Factory  
  21  2:05  Marine  
  22  2:12  Supply Depot  
  22  2:16  SCV  
  23  2:28  Barracks  
  23  2:33  Barracks Tech Lab  
  23  2:35  SCV  
  24  2:39  Orbital Command  
  24  2:47  Hellion  
  24  2:49  SCV  
  27  2:54  Refinery  
  27  2:57  Marauder  
  29  3:01  SCV  
  29  3:04  SCV  
  31  3:08  Factory Tech Lab  
  31  3:13  SCV, Engineering Bay  
  31  3:17  Barracks Reactor  
  32  3:20  Marauder  
  32  3:22  SCV  
  32  3:26  SCV  
  36  3:31  Siege Tank  
  39  3:36  Supply Depot  
  39  3:38  SCV  
  39  3:41  SCV  
  41  3:43  Marauder  
  43  3:52  Starport  
  43  3:53  SCV  
  43  3:54  Marine x2  
  46  3:58  SCV  
  47  4:04  Supply Depot  
  47  4:06  Widow Mine, SCV  
  47  4:09  Marauder  
  52  4:15  Marine x2  
  54  4:26  Armory, SCV x2  
  54  4:30  Concussive Shells  
  56  4:32  Marauder, Supply Depot  
  56  4:35  Hellion  
  56  4:36  Starport Tech Lab  
  60  4:39  SCV x2  
  60  4:44  Missile Turret  
  62  4:53  Supply Depot  
  62  4:55  Marauder, Marine  
  62  4:57  SCV  
  62  4:58  Barracks, SCV  
  67  5:00  Marine  
  67  5:03  Widow Mine  
  70  5:10  Bunker  
  70  5:13  Missile Turret, Refinery  
  70  5:16  SCV x2  
  78  5:37  Command Center  
Show
View Real Time Build Order
Export as new Build Order

ИИ 1 (эксперт) Protoss - Winner!

Build Orders:  

Get SALT Encoding   

  12  0:00  Probe  
  13  0:13  Probe  
  14  0:19  Pylon  
  14  0:25  Probe  
  15  0:34  Probe  
  15  0:42  Probe  
  16  0:47  Assimilator  
  17  0:51  Gateway  
  17  0:52  Probe  
  18  1:00  Probe  
  18  1:01  Pylon  
  19  1:08  Probe  
  19  1:18  Probe  
  21  1:36  Gateway  
  21  1:37  Probe  
  21  1:39  Zealot  
  24  1:44  Cybernetics Core  
  24  1:47  Pylon  
  24  1:49  Probe  
  25  1:57  Zealot  
  25  2:01  Probe  
  28  2:10  Assimilator  
  28  2:13  Probe  
  29  2:22  Warp Gate  
  29  2:23  Adept x2  
  29  2:25  Probe  
  34  2:34  Pylon  
  34  2:37  Probe  
  35  2:49  Adept  
  35  2:50  Probe  
  36  2:54  Sentry  
  40  3:02  Probe  
  41  3:14  Probe, Nexus  
  41  3:16  Stalker  
  42  3:26  Probe  
  45  3:37  Robotics Facility  
  45  3:38  Probe  
  46  3:50  Probe  
  46  3:52  Pylon  
  47  4:10  Adept, Probe  
  47  4:16  Adept  
  52  4:22  Probe  
  53  4:26  Probe, Adept  
  56  4:34  Probe  
  56  4:37  Robotics Bay  
  56  4:38  Probe  
  58  4:40  Observer  
  59  4:46  Probe  
  59  4:49  Robotics Facility  
  59  4:50  Probe  
  61  4:56  Pylon  
  61  4:58  Stalker, Probe  
  64  5:02  Stalker, Probe  
  67  5:07  Pylon  
  67  5:10  Probe  
  68  5:14  Probe  
  69  5:22  Probe  
  76  5:35  Pylon, Zealot  
Tags
 
Add a new tag
Caveats
  • Supply blocks, unpowered buildings, or Contaminate may cause inaccurate times.
  • Supply counts are checked every 10 seconds.